AoeStats
← Wulture

MegaRandom

505320759Analyzed
4v4 RM · 24d ago on Sep 8, 2026· 37m 34s· 8 players
Game mode
Random Map
Map size
Large (8 player)
Population
200
Speed
Normal
Resources
Standard
Victory
Conquest
Starting age
Dark Age
Ending age
Imperial Age
RankedLock teamsTeams togetherTeam positionsShared explorationLock speedFull tech treeHidden civsTurbo modeCheats
Victory
Defeat
🇺🇸 Ethiopians · United States
1176
+17
1167
+17
🇸🇪 Maya · Sweden
1142
+18
🇸🇪 Lithuanians · Sweden
1141
+18
🇷🇴 Hindustanis · Romania
1202
-18
🇷🇴 Gurjaras · Romania
1195
-18
🇷🇴 Persians · Romania
1175
-17
🇷🇴 Japanese · Romania
1173
-17
Planck Walk
6:30 Loom
6:58 Loom
7:11 Loom
9:50 Feudal Age
10:19 Double-Bit Axe
16:52 Fletching
21:08 Wheelbarrow
23:47 Castle Age
24:03 Horse Collar
25:02 Crossbowman
25:48 Thumb Ring
26:08 Bow Saw
34:15 Medium Warships
34:07 Demolition Ship
39:53 Imperial Age
37:41 Hand Cart
37:11 Town Watch
Yisus Patitas Suaves
11:16 Feudal Age
13:14 Loom
15:53 Castle Age
14:01 Double-Bit Axe
16:51 Wheelbarrow
16:57 Horse Collar
18:59 Bow Saw
20:27 Hand Cart
20:26 Heavy Plow
22:36 Stone Mining
26:30 Town Watch
26:57 Scale Barding Armor
27:05 Forging
26:29 Pikeman
29:54 Imperial Age
27:52 Town Patrol
28:42 Squires
28:27 Arson
29:36 Chain Barding Armor
29:52 Iron Casting
29:19 Gold Mining
29:31 Grand Trunk Road
30:13 Husbandry
30:23 Bloodlines
30:04 Heavy Camel Rider
31:35 Plate Barding Armor
33:14 Two-Man Saw
34:01 Conscription
33:09 Imperial Camel Rider
34:50 Gold Shaft Mining
35:28 Blast Furnace
36:39 Stone Shaft Mining
Wulture
10:39 Feudal Age
16:34 Castle Age
14:43 Horse Collar
15:17 Double-Bit Axe
17:26 Husbandry
17:42 Heavy Plow
26:01 Bloodlines
28:18 Scale Barding Armor
28:24 Forging
29:47 Chain Barding Armor
29:10 Pikeman
29:50 Squires
29:54 Loom
32:23 Iron Casting
33:16 Wheelbarrow
38:05 Imperial Age
36:06 Arson
Oture
0:32 Loom
11:35 Feudal Age
12:30 Double-Bit Axe
16:01 Fletching
16:15 Horse Collar
22:22 Castle Age
22:27 Crossbowman
26:09 Bodkin Arrow
27:03 Wheelbarrow
26:51 Gold Mining
26:52 Stone Mining
29:24 Bow Saw
31:45 Padded Archer Armor
34:12 Ballistics
34:42 Leather Archer Armor
37:22 Imperial Age
36:20 Hand Cart
Ciccione
10:26 Feudal Age
10:50 Double-Bit Axe
10:48 Horse Collar
18:58 Castle Age
16:58 Gold Mining
17:57 Scale Barding Armor
19:07 Bloodlines
19:32 Husbandry
19:51 Bow Saw
19:51 Heavy Plow
21:52 Town Watch
22:42 Wheelbarrow
23:07 Gold Shaft Mining
24:53 Forging
27:00 Chain Barding Armor
29:45 Wheelbarrow
30:11 Iron Casting
33:15 Hand Cart
34:08 Town Patrol
34:45 Fletching
badcipri
11:52 Feudal Age
11:12 Loom
14:13 Double-Bit Axe
17:46 Horse Collar
21:14 Castle Age
22:22 Scale Barding Armor
23:15 Forging
27:12 Bloodlines
34:16 Imperial Age
32:05 Heavy Plow
32:44 Grand Trunk Road
33:46 Iron Casting
33:17 Squires
33:37 Husbandry
34:55 Heavy Camel Rider
36:51 Blast Furnace
35:51 Scale Mail Armor
36:39 Bow Saw
37:08 Gold Mining
redcosmosan
11:28 Feudal Age
16:10 Castle Age
16:12 Double-Bit Axe
18:43 Pikeman
28:58 Loom
30:08 Horse Collar
31:52 Fletching
32:03 Padded Archer Armor
31:58 Elite Skirmisher
ionut_s
0:29 Loom
13:34 Feudal Age
14:54 Double-Bit Axe
15:51 Horse Collar
18:17 Scale Barding Armor
18:23 Forging
20:59 Castle Age
19:44 Bloodlines
23:02 Chain Barding Armor
27:23 Town Watch
28:30 Heavy Plow
29:40 Stone Mining
36:38 Imperial Age
34:45 Kshatriyas
36:14 Husbandry
37:03 Wheelbarrow
36:29 Town Patrol
37:15 Iron Casting
36:54 Heavy Camel Rider
Connection lost

Rejoining the realm…

Still unreachable

The connection could not be restored.

Session expired

The server has moved on; the page needs a fresh start.